AoeStats
← Tolstoyevski

Arena

510512632Analyzed
1v1 RM · 15h ago on Oct 1, 2026· 33m 2s· 2 players
Game mode
Random Map
Map size
Tiny (2 player)
Population
200
Speed
Normal
Resources
Standard
Victory
Conquest
Starting age
Dark Age
Ending age
Imperial Age
RankedLock teamsTeams togetherTeam positionsShared explorationLock speedFull tech treeHidden civsTurbo modeCheats
Victory
Defeat
🇨🇴 Hindustanis · Colombia
1128
+18
🇹🇷 Chinese · Türkiye
1161
-18
AJ0
9:59 Feudal Age
10:10 Loom
13:45 Castle Age
12:14 Double-Bit Axe
12:51 Horse Collar
14:14 Gold Mining
20:36 Fervor
25:12 Redemption
30:13 Fletching
Tolstoyevski
9:52 Feudal Age
14:06 Castle Age
12:15 Double-Bit Axe
13:38 Horse Collar
19:53 Loom
25:47 Bow Saw
26:28 Wheelbarrow
28:38 Hand Cart
Connection lost

Rejoining the realm…

Still unreachable

The connection could not be restored.

Session expired

The server has moved on; the page needs a fresh start.